 Dungeon Crawl Stone Soup version 0.31-a0-145-g046c7d2549 (webtiles) character file.

Game seed: 7082408569654687840

5 Esekla the Sneak (level 1, 16/16 HPs)
             Began as an Octopode Delver on June 6, 2023.
             Quit the game on level 5 of the Dungeon.
             The game lasted 00:01:11 (106 turns).

Esekla the Sneak (Octopode Delver)                   Turns: 106, Time: 00:01:12

Health: 16/16      AC:  1    Str: 11    XL:     1   Next: 80%
Magic:  1/1        EV: 13    Int: 12    God:
Gold:   48         SH:  0    Dex: 13    Spells: 0/0 levels left

rFire   . . .        a - +0 falchion
rCold   . . .        (no shield)
rNeg    . . .        (helmet restricted)
rPois   .            (no amulet)
rElec   .            (no ring)
rCorr   .            (no ring)
SInv    .            (no ring)
Will    .....        (no ring)
Stlth   ++++         (no ring)
HPRegen 0.22/turn    (no ring)
MPRegen 0.07/turn    (no ring)
                     (no ring)

%: no passive effects
@: no status effects
A: almost no armour, amphibious, 8 rings, camouflage 1, gelatinous body 1,
(nimble swimmer 1), tentacles
a: no special abilities


You were on level 5 of the Dungeon.
You visited 1 branch of the dungeon, and saw 1 of its levels.

You collected 48 gold pieces.

Inventory:

Hand Weapons
 a - a +0 falchion (weapon)
Wands
 f - a wand of digging (2)
Scrolls
 b - a scroll of fog
 c - a scroll of poison {unknown}
 d - a scroll of fear
Potions
 e - a potion of haste


   Skills:
 * Level 3.4 Fighting
 * Level 2.0 Long Blades
 * Level 2.0 Dodging
 + Level 6.6 Stealth


You couldn't memorise any spells.
You didn't know any spells.
Your spell library was empty.

Dungeon Overview and Level Annotations

Branches:
Dungeon (5/15)
 Temple: D:4-7

Altars:
Okawaru
Vehumet
Xom


Innate Abilities, Weirdness & Mutations

You cannot wear most types of armour.
You are amphibious.
You can wear up to eight rings at the same time.
Your skin changes colour to match your surroundings (Stealth+).
Your rubbery body absorbs attacks. (AC +1, EV +1)
((You are camouflaged when in or above water. (Stealth+)))
You have tentacles for arms and can constrict up to eight enemies at once.


Message History

Welcome, Esekla the Octopode Delver.
Are you destined to find the incredible Orb of Zot, or to die trying?
Press ? for a list of commands and other information.
Found a stone staircase leading down.
As you read the scroll of magic mapping, it crumbles to dust.
You feel aware of your surroundings.
You sensed 3 altars.
There is a dry fountain here.
You open the door. 2 orc wizards come into view.
Found a scroll labelled VIUCWU SANO.
A water moccasin comes into view.
There is an open door here.
You close the door.
There is a dry fountain here.
There is a stone staircase leading down here.
Aiming: Dig
Press: ? - help, Shift-Dir - straight line A rock wall.
The rock shatters into small pieces.
Found 5 stones.
Found a scroll labelled HEODERAXTU.
Found a stone staircase leading up.
c - a scroll labelled HEODERAXTU
Found 17 gold pieces.
You now have 17 gold pieces.
An orc comes into view. It is wielding a +0 flail of draining.
Found an escape hatch in the floor.
Found an escape hatch in the ceiling.
There is an escape hatch in the ceiling here.
An ufetubus comes into view.
Found 4 stones and 20 gold pieces.
The helpless ufetubus fails to defend itself.
You slash the ufetubus!
You kill the ufetubus!
You now have 37 gold pieces (gained 20).
Found 11 gold pieces.
Found a radiant altar of Vehumet and an iron altar of Okawaru.
You now have 48 gold pieces (gained 11).
Found a shimmering altar of Xom.
Are you sure you want to abandon this character and quit the game? (Confirm with "yes".)

*** ##8..8# #..... ****,**
#.....# #.###.
,**,*,******###..### #.# #.
,*,*,,,,,,,,##.....#########.###.
,**,,,*****.###..####............
,,,,,###***.#.....# #.######.##..
,****#..,,..###..## #.# #.#,.. ,*
#.###..#8....♣ #.# #.#*,. ####
#.#...####.@##*#.# #..,,,
...###.#.#..#....._##.# ###**,
.⌠.>.......###_⌠#_###.##### *,
...#####.### #######......# **+
#### #.# #.###.###.# **,, ,** #.#
#.###.##*,* **,,, ,,** ##.##
#.#....##,***,,,,
,,,####...#######.#.....#.**,,,,,
,,,+.....................o.+,,,,,


There were no monsters in sight!

Vanquished Creatures
  An ufetubus (D:5)
1 creature vanquished.

Notes
Turn   | Place    | Note
-------+----------+-------------------------------------------
     0 | D:5      | Esekla the Octopode Delver began the quest for the Orb.
     0 | D:5      | Reached XP level 1. HP: 16/16 MP: 1/1
     4 | D:5      | Noticed an orc wizard
     4 | D:5      | Noticed an orc wizard
     5 | D:5      | Noticed a water moccasin
    96 | D:5      | Found a radiant altar of Vehumet.
    96 | D:5      | Found an iron altar of Okawaru.
   105 | D:5      | Found a shimmering altar of Xom.
   106 | D:5      | Quit the game

Illustrated notes

Levels and vault maps discovered:
D:5:      layout_loops_corners, minitemple, grunt_ministairs_4, uniq_eustachio

Action                     || total
---------------------------++-------
  Melee: Falchion          ||     1
  Evoke: Wand              ||     1
    Use: Scroll            ||     1
   Stab: Sleeping          ||     1

Table legend: (Time is in decaauts)
 A = Elapsed time spent in this place.
 B = Non-inter-level travel time spent in this place.
 C = Inter-level travel time spent in this place.
 D = Time resting spent in this place.
 E = Time spent auto-exploring this place.
 F = Levels seen in this place.
 G = Mean time per level.
                   A        B        C        D        E       F      G
               +--------+--------+--------+--------+--------+-----+--------+
         Total |    106 |    106 |      0 |      0 |      0 |   1 |  106.0 |
       Dungeon |    106 |    106 |      0 |      0 |      0 |   1 |  106.0 |
               +--------+--------+--------+--------+--------+-----+--------+

Top non-repeatable levels by time:
     D:5: 106 daAuts
